Flyers vs Coyotes
Created - den 28 december 2014 at 18:37
Goals
|
| Flyers |
0 |
2 |
0 |
2 |
| Coyotes |
0 |
0 |
0 |
0 |
|
Shots
|
| Flyers |
7 |
8 |
6 |
21 |
| Coyotes |
10 |
3 |
3 |
16 |
|
1st period
No Goal
Penalties :
Chris Kunitz (PHX) for Roughing (Minor) at 6:20, Matt Greene (PHX) for Cross-checking (Minor) at 13:43, Nicklas Grossman (PHL) for Holding (Minor) at 16:23
2nd period
1. Flyers , Ondrej Palat 13 (Brian Gionta, Dennis Seidenberg) at 0:36
2. Flyers , Brian Gionta 7 (David Moss) at 15:26 (SH)
Penalties :
Nicklas Grossman (PHL) for High sticking (Minor) at 13:56
3rd period
No Goal
Penalties :
Kyle Quincey (PHX) for Holding (Minor) at 1:45, Mathieu Perreault (PHL) for High sticking (Minor) at 8:53, Kyle Turris (PHX) for High sticking (Minor) at 13:34, Nazem Kadri (PHL) for Tripping (Minor) at 18:57
Goalie Stats
Jimmy Howard (PHL), 16 saves from 16 shots - (1,000), W, 17-8-2, 60:00 minutes
Ondrej Pavelec (PHX), 19 saves from 21 shots - (0,905), L, 11-15-4, 60:00 minutes
Players Stats for Flyers
Player Name G A P +/- PIM S H SB GA TA FO MP PP MP PK MP
------------------------------------------------------------------------------------
Alex Chiasson 0 0 0 0 0 1 2 0 0 0 2/2 16:37 3:19 0:00
Andrei Markov 0 0 0 1 0 0 1 2 0 0 0/0 21:38 3:51 1:06
Brian Boyle 0 0 0 0 0 0 0 0 0 0 3/4 2:28 0:00 0:00
Brian Gionta 1 1 2 2 0 3 0 0 0 0 0/0 18:47 3:51 2:56
Brooks Orpik 0 0 0 1 0 0 4 0 0 0 0/0 22:50 4:05 4:07
Damien Brunner 0 0 0 0 0 1 0 1 0 0 0/0 9:04 0:00 0:00
David Moss 0 1 1 1 0 0 1 0 0 0 8/18 16:41 0:30 3:24
Dennis Seidenberg 0 1 1 1 0 1 2 0 0 0 0/0 23:46 4:05 3:20
Derek Dorsett 0 0 0 0 0 1 4 0 0 0 0/2 13:04 0:00 2:01
Kyle Palmieri 0 0 0 0 0 1 0 0 0 0 0/1 15:10 4:07 0:00
Loui Eriksson 0 0 0 0 0 4 1 0 0 0 0/0 17:19 3:49 0:12
Mathieu Perreault 0 0 0 1 2 1 0 0 0 0 10/18 15:46 4:07 0:00
Mike Weber 0 0 0 1 0 1 3 1 0 0 0/0 16:58 0:00 3:18
Nazem Kadri 0 0 0 0 2 2 0 0 0 0 6/18 17:31 3:49 0:25
Nicklas Grossman 0 0 0 0 4 2 0 1 0 0 0/0 16:12 0:00 1:30
Ondrej Palat 1 0 1 1 0 3 2 0 0 0 0/4 22:55 4:07 3:51
Tyson Strachan 0 0 0 0 0 0 1 1 0 0 0/0 14:43 0:00 0:37
Zach Boychuk 0 0 0 0 0 0 0 0 0 0 2/4 11:28 0:00 1:09
Players Stats for Coyotes
Player Name G A P +/- PIM S H SB GA TA FO MP PP MP PK MP
------------------------------------------------------------------------------------
Brad Richardson 0 0 0 0 0 1 1 0 0 0 9/16 16:30 2:55 2:41
Chris Kelly 0 0 0 0 0 2 0 0 0 0 8/14 15:56 0:00 3:47
Chris Kunitz 0 0 0 -2 2 4 1 0 0 0 1/1 17:10 4:04 0:11
Daniel Briere 0 0 0 -1 0 0 1 0 0 0 3/3 19:57 2:55 4:35
Hal Gill 0 0 0 -1 0 0 1 0 0 0 0/0 20:23 3:17 4:23
Jared Boll 0 0 0 -1 0 0 0 0 0 0 0/0 10:31 0:33 0:00
Joey Crabb 0 0 0 0 0 0 0 0 0 0 0/1 12:06 0:00 0:00
John Scott 0 0 0 -1 0 1 1 0 0 0 0/0 16:27 1:39 2:25
Jordin Tootoo 0 0 0 0 0 1 1 0 0 0 0/0 11:33 0:00 0:00
Keaton Ellerby 0 0 0 -1 0 0 3 1 0 0 0/0 17:38 2:26 0:56
Kyle Quincey 0 0 0 -1 2 0 0 0 0 0 0/0 21:08 3:17 1:14
Kyle Turris 0 0 0 -2 2 5 1 0 0 0 12/21 19:43 4:04 3:10
Matt Carkner 0 0 0 0 0 0 1 1 0 0 0/0 16:18 0:00 3:46
Matt Greene 0 0 0 0 2 0 2 0 0 0 0/0 16:10 0:35 2:35
Mika Zibanejad 0 0 0 0 0 0 0 0 0 0 6/12 14:54 3:31 0:16
Richard Clune 0 0 0 0 0 1 4 0 0 0 0/0 11:07 0:00 0:00
Ryan Whitney 0 0 0 0 0 0 2 1 0 0 0/0 19:14 2:44 0:30
Scottie Upshall 0 0 0 0 0 1 1 0 0 0 1/3 15:15 2:55 1:15
3 Stars
1 - Jimmy Howard (PHL)
2 - Brian Gionta (PHL)
3 - Ondrej Palat (PHL)
Power Play
Flyers - 0 on 4 Attempt(s) - 0,00%
Coyotes - 0 on 4 Attempt(s) - 0,00%
Penalty Kill
Flyers - 4 on 4 Attempt(s) - 100,00%
- Score 1 goal in Penalty Kill
Coyotes - 4 on 4 Attempt(s) - 100,00%
- Score 0 goal in Penalty Kill
Team Stat
Flyers - Hits : 21 - Faceoff Wins : 31 - Blocked Shots : 6 - Penalty Minutes : 8
Coyotes - Hits : 20 - Faceoff Wins : 40 - Blocked Shots : 3 - Penalty Minutes : 8
Official
Referees : Trent Knorr and Geoff Miller
Linesman : Rich Patry and Chris Woodworth
Game Notes
Brian Boyle is injured at 11:38 of 1st period (Bruised Right Leg)
Finance
Level 1 -- Attendance: 5860 (98,77%) -- Ticket Income 498.100 kr
Level 2 -- Attendance: 4944 (100,00%) -- Ticket Income 247.200 kr
Level 3 -- Attendance: 1978 (100,00%) -- Ticket Income 59.340 kr
Level 4 -- Attendance: 2780 (70,29%) -- Ticket Income 55.600 kr
Luxury Box -- Attendance: 929 (93,93%) -- Ticket Income 176.510 kr
Game was played at the Jobing.com Arena'
Total Attendance: 16491 (92,65%)
Total Ticket Income: 1.036.750 kr
Other Income: 508.008 kr
Total Income: 1.544.758 kr
Flyers
5 vs 5 Forward
Center Left Wing Right Wing Time % Phy DF OF
1 Mathieu Perreault Ondrej Palat Brian Gionta 40 0 3 2
2 Nazem Kadri Loui Eriksson Alex Chiasson 30 1 2 2
3 Brian Boyle Derek Dorsett Kyle Palmieri 20 2 2 1
4 David Moss Damien Brunner Zach Boychuk 10 1 2 2
5 vs 5 Defense
Defense Defense Time % Phy DF OF
1 Andrei Markov Dennis Seidenberg 40 1 3 1
2 Brooks Orpik Nicklas Grossman 30 2 3 0
3 Mike Weber Tyson Strachan 20 2 3 0
4 Brooks Orpik Nicklas Grossman 10 2 3 0
PowerPlay Forward
Center Left Wing Right Wing Time % Phy DF OF
1 Mathieu Perreault Ondrej Palat Kyle Palmieri 50 1 0 4
2 Nazem Kadri Loui Eriksson Alex Chiasson 50 0 0 5
PowerPlay Defense
Defense Defense Time % Phy DF OF
1 Andrei Markov Brian Gionta 50 0 2 3
2 Dennis Seidenberg Brooks Orpik 50 1 1 3
Penalty Kill 4 Players Forward
Center Wing Time % Phy DF OF
1 Brian Boyle Ondrej Palat 50 1 4 0
2 David Moss Brian Gionta 50 0 5 0
Penalty Kill 4 Players Defense
Defense Defense Time % Phy DF OF
1 Brooks Orpik Nicklas Grossman 50 2 3 0
2 Dennis Seidenberg Mike Weber 50 2 3 0
Penalty Kill - 3 Players Forward
Forward Time % Phy DF OF
1 Brian Boyle 50 1 4 0
2 David Moss 50 1 4 0
Penalty Kill - 3 Players Defense
Defense Defense Time % Phy DF OF
1 Brooks Orpik Nicklas Grossman 50 2 3 0
2 Mike Weber Dennis Seidenberg 50 2 3 0
4 vs 4 Forward
Center Wing Time % Phy DF OF
1 Nazem Kadri Kyle Palmieri 50 0 2 3
2 Mathieu Perreault Brian Gionta 50 0 2 3
4 vs 4 Defense
Defense Defense Time % Phy DF OF
1 Andrei Markov Mike Weber 50 1 3 1
2 Tyson Strachan Nicklas Grossman 50 3 1 1
Last Minutes Offensive
Center Left Wing Right Wing Defense Defense
Mathieu Perreault Nazem Kadri Loui Eriksson Andrei Markov Ondrej Palat
Last Minutes Defensive
Center Left Wing Right Wing Defense Defense
Brian Boyle Ondrej Palat David Moss Brooks Orpik Dennis Seidenberg
Goaltenders
Starting : Jimmy Howard
Backup : Devan Dubnyk
Extra Forwards
Normal : Brian Boyle, Kyle Palmieri, Ondrej Palat - PP : Mathieu Perreault, Ondrej Palat - PK : Derek Dorsett
Extra Defensemen
Normal : Brooks Orpik, Tyson Strachan, Dennis Seidenberg - PP : Tyson Strachan - PK : Nicklas Grossman, Dennis Seidenberg
Penalty Shots
Brian Gionta, Kyle Palmieri, Nazem Kadri, Ondrej Palat, Mathieu Perreault
Coyotes
5 vs 5 Forward
Center Left Wing Right Wing Time % Phy DF OF
1 Kyle Turris Chris Kunitz Daniel Briere 30 1 2 2
2 Mika Zibanejad Scottie Upshall Richard Clune 26 1 2 2
3 Chris Kelly Joey Crabb Jordin Tootoo 24 2 2 1
4 Brad Richardson John Scott Jared Boll 20 4 1 0
5 vs 5 Defense
Defense Defense Time % Phy DF OF
1 Kyle Quincey Ryan Whitney 31 1 1 3
2 Hal Gill Keaton Ellerby 31 1 2 2
3 Matt Greene Matt Carkner 31 3 2 0
4 Kyle Quincey Ryan Whitney 7 1 1 3
PowerPlay Forward
Center Left Wing Right Wing Time % Phy DF OF
1 Kyle Turris Chris Kunitz Mika Zibanejad 50 1 2 2
2 Daniel Briere Brad Richardson Scottie Upshall 50 1 2 2
PowerPlay Defense
Defense Defense Time % Phy DF OF
1 Hal Gill Kyle Quincey 50 2 1 2
2 Ryan Whitney Keaton Ellerby 50 2 1 2
Penalty Kill 4 Players Forward
Center Wing Time % Phy DF OF
1 Brad Richardson Kyle Turris 50 2 2 1
2 Chris Kelly Daniel Briere 50 2 2 1
Penalty Kill 4 Players Defense
Defense Defense Time % Phy DF OF
1 Matt Greene John Scott 50 2 2 1
2 Matt Carkner Hal Gill 50 2 2 1
Penalty Kill - 3 Players Forward
Forward Time % Phy DF OF
1 Chris Kelly 50 2 2 1
2 Brad Richardson 50 2 2 1
Penalty Kill - 3 Players Defense
Defense Defense Time % Phy DF OF
1 Matt Greene John Scott 50 2 2 1
2 Hal Gill Matt Carkner 50 2 2 1
4 vs 4 Forward
Center Wing Time % Phy DF OF
1 Kyle Turris Chris Kunitz 50 1 2 2
2 Mika Zibanejad Daniel Briere 50 1 2 2
4 vs 4 Defense
Defense Defense Time % Phy DF OF
1 Kyle Quincey Ryan Whitney 50 2 1 2
2 Hal Gill Matt Greene 50 2 1 2
Last Minutes Offensive
Center Left Wing Right Wing Defense Defense
Kyle Turris Chris Kunitz Mika Zibanejad Kyle Quincey Ryan Whitney
Last Minutes Defensive
Center Left Wing Right Wing Defense Defense
Kyle Turris Mika Zibanejad Brad Richardson Keaton Ellerby Matt Greene
Goaltenders
Starting : Ondrej Pavelec
Backup : Nathan Lawson
Extra Forwards
Normal : Brad Richardson, Chris Kunitz, Kyle Turris - PP : Kyle Turris, Chris Kunitz - PK : Brad Richardson
Extra Defensemen
Normal : Ryan Whitney, Hal Gill, Kyle Quincey - PP : Ryan Whitney - PK : Kyle Quincey, John Scott
Penalty Shots
Mika Zibanejad, Kyle Turris, Chris Kunitz, Brad Richardson, Daniel Briere
% Time on Ice - Flyers
Lines # - Real PCT - Wanted PCT - Time Play
Normal Forward
1 - 26% - 40% - 11:40
2 - 30% - 30% - 13:18
3 - 25% - 20% - 11:03
4 - 20% - 10% - 9:04
Normal Defense
1 - 36% - 40% - 16:21
2 - 30% - 30% - 13:21
3 - 30% - 20% - 13:40
4 - 4% - 10% - 1:43
PP Forward
1 - 52% - 50% - 4:07
2 - 48% - 50% - 3:49
PP Defense
1 - 49% - 50% - 3:51
2 - 51% - 50% - 4:05
PK Forward
1 - 58% - 50% - 4:03
2 - 42% - 50% - 2:56
PK Defense
1 - 67% - 50% - 4:39
2 - 33% - 50% - 2:20
PK3 Forward
1 - 0% - 50%
2 - 0% - 50%
PK3 Defense
1 - 0% - 50%
2 - 0% - 50%
44 Forward
1 - 0% - 50%
2 - 0% - 50%
44 Defense
1 - 0% - 50%
2 - 0% - 50%
Last Minute Offensive - 0:00
Last Minute Defensive - 0:00
Total
Forward - 60:00
Defense - 60:00
|
% Time on Ice - Coyotes
Lines # - Real PCT - Wanted PCT - Time Play
Normal Forward
1 - 28% - 30% - 12:27
2 - 25% - 26% - 11:07
3 - 26% - 24% - 11:33
4 - 22% - 20% - 9:58
Normal Defense
1 - 35% - 31% - 15:56
2 - 32% - 31% - 14:15
3 - 30% - 31% - 13:36
4 - 3% - 7% - 1:18
PP Forward
1 - 58% - 50% - 4:04
2 - 42% - 50% - 2:55
PP Defense
1 - 55% - 50% - 3:50
2 - 45% - 50% - 3:09
PK Forward
1 - 54% - 50% - 4:19
2 - 46% - 50% - 3:37
PK Defense
1 - 51% - 50% - 4:02
2 - 49% - 50% - 3:54
PK3 Forward
1 - 0% - 50%
2 - 0% - 50%
PK3 Defense
1 - 0% - 50%
2 - 0% - 50%
44 Forward
1 - 0% - 50%
2 - 0% - 50%
44 Defense
1 - 0% - 50%
2 - 0% - 50%
Last Minute Offensive - 0:00
Last Minute Defensive - 0:00
Total
Forward - 60:00
Defense - 60:00
|
Play by Play
1st period
0:01 of 1st period - Chris Kunitz wins face-off versus Mathieu Perreault in neutral zone.
2:19 of 1st period - Shot by Joey Crabb.
2:19 of 1st period - Shot Blocked by Damien Brunner.
2:21 of 1st period - Shot by Chris Kelly.
2:21 of 1st period - Shot Blocked by Andrei Markov.
3:13 of 1st period - Shot by Brian Gionta.
3:13 of 1st period - Deflect By Mathieu Perreault.
3:13 of 1st period - Shot Misses the Net.
3:24 of 1st period - Brad Richardson is hit by Brooks Orpik and loses puck.
3:52 of 1st period - Shot by Chris Kunitz.
3:52 of 1st period - Stopped by Jimmy Howard with a rebound.
4:04 of 1st period - Shot by Chris Kunitz.
4:04 of 1st period - Stopped by Jimmy Howard without a rebound.
4:05 of 1st period - Kyle Turris wins face-off versus Nazem Kadri in Flyers zone.
4:05 of 1st period - Chris Kunitz is hit by Mike Weber and loses puck.
4:33 of 1st period - Shot by Loui Eriksson.
4:33 of 1st period - Stopped by Ondrej Pavelec without a rebound.
4:34 of 1st period - Brian Boyle wins face-off versus Chris Kelly in Coyotes zone.
4:49 of 1st period - Shot by Chris Kelly.
4:49 of 1st period - Deflect By Jordin Tootoo.
4:49 of 1st period - Stopped by Jimmy Howard without a rebound.
4:50 of 1st period - Mika Zibanejad wins face-off versus David Moss in Flyers zone.
4:51 of 1st period - Shot by Scottie Upshall.
4:51 of 1st period - Stopped by Jimmy Howard without a rebound.
4:52 of 1st period - Nazem Kadri wins face-off versus Mika Zibanejad in Flyers zone.
4:52 of 1st period - Alex Chiasson is hit by Richard Clune and loses puck.
5:11 of 1st period - Shot by Nazem Kadri.
5:11 of 1st period - Stopped by Ondrej Pavelec without a rebound.
5:12 of 1st period - Brad Richardson wins face-off versus Brian Boyle in Coyotes zone.
5:12 of 1st period - Brad Richardson is hit by Derek Dorsett.
5:27 of 1st period - Shot by Brad Richardson.
5:27 of 1st period - Shot Misses the Net.
5:35 of 1st period - Shot by Brad Richardson.
5:35 of 1st period - Deflect By John Scott.
5:35 of 1st period - Shot Misses the Net.
5:37 of 1st period - Shot by Hal Gill.
5:37 of 1st period - Shot Blocked by Mike Weber.
5:39 of 1st period - Shot by Jared Boll.
5:39 of 1st period - Shot Misses the Net.
5:41 of 1st period - Shot by John Scott.
5:41 of 1st period - Stopped by Jimmy Howard with a rebound.
5:48 of 1st period - Icing by Brian Boyle.
5:49 of 1st period - Brian Boyle wins face-off versus Joey Crabb in Flyers zone.
6:18 of 1st period - Shot by Chris Kelly.
6:18 of 1st period - Stopped by Jimmy Howard without a rebound.
6:19 of 1st period - Mathieu Perreault wins face-off versus Kyle Turris in Flyers zone.
6:19 of 1st period - Mathieu Perreault is hit by Daniel Briere.
6:20 of 1st period - Minor Penalty to Chris Kunitz for Roughing.
6:21 of 1st period - Nazem Kadri wins face-off versus Brad Richardson in Coyotes zone.
6:22 of 1st period - Shot by Brian Gionta.
6:22 of 1st period - Stopped by Ondrej Pavelec without a rebound.
6:23 of 1st period - Brad Richardson wins face-off versus Nazem Kadri in Coyotes zone.
6:55 of 1st period - Shot by Brooks Orpik.
6:55 of 1st period - Shot Misses the Net.
6:57 of 1st period - Shot by Dennis Seidenberg.
6:57 of 1st period - Stopped by Ondrej Pavelec without a rebound.
6:58 of 1st period - Brad Richardson wins face-off versus Mathieu Perreault in Coyotes zone.
7:46 of 1st period - Matt Greene is hit by Ondrej Palat and loses puck.
8:21 of 1st period - Icing by Hal Gill.
8:22 of 1st period - Mika Zibanejad wins face-off versus David Moss in Coyotes zone.
8:50 of 1st period - Icing by Tyson Strachan.
8:51 of 1st period - Kyle Turris wins face-off versus David Moss in Flyers zone.
9:00 of 1st period - Shot by Chris Kunitz.
9:00 of 1st period - Shot Misses the Net.
9:26 of 1st period - Icing by Keaton Ellerby.
9:27 of 1st period - Kyle Turris wins face-off versus Nazem Kadri in Coyotes zone.
10:17 of 1st period - Off-side.
10:18 of 1st period - Mathieu Perreault wins face-off versus Chris Kelly in neutral zone.
10:34 of 1st period - Joey Crabb is hit by Dennis Seidenberg and loses puck.
10:47 of 1st period - Chris Kelly is hit by Andrei Markov and loses puck.
10:50 of 1st period - Shot by Joey Crabb.
10:50 of 1st period - Shot Misses the Net.
10:52 of 1st period - Shot by Chris Kelly.
10:52 of 1st period - Shot Misses the Net.
11:14 of 1st period - Icing by Matt Greene.
11:15 of 1st period - Brian Boyle wins face-off versus Mika Zibanejad in Coyotes zone.
11:37 of 1st period - Brian Boyle is hit by Matt Greene and loses puck.
11:38 of 1st period - Brian Boyle from Flyers is injured at 11:38 of 1st period (Bruised Right Leg).
11:39 of 1st period - Alex Chiasson wins face-off versus Brad Richardson in Coyotes zone.
11:44 of 1st period - Shot by Alex Chiasson.
11:44 of 1st period - Deflect By Nazem Kadri.
11:44 of 1st period - Shot Blocked by Ryan Whitney.
13:34 of 1st period - Shot by Kyle Palmieri.
13:34 of 1st period - Stopped by Ondrej Pavelec without a rebound.
13:35 of 1st period - Nazem Kadri wins face-off versus Kyle Turris in Coyotes zone.
13:37 of 1st period - Loui Eriksson is hit by Matt Greene and loses puck.
13:43 of 1st period - Minor Penalty to Matt Greene for Cross-checking.
13:44 of 1st period - Chris Kelly wins face-off versus Nazem Kadri in Coyotes zone.
14:09 of 1st period - Shot by Loui Eriksson.
14:09 of 1st period - Stopped by Ondrej Pavelec without a rebound.
14:10 of 1st period - Mathieu Perreault wins face-off versus Chris Kelly in Coyotes zone.
14:22 of 1st period - Icing by Ondrej Palat.
14:23 of 1st period - Chris Kelly wins face-off versus Mathieu Perreault in Flyers zone.
14:29 of 1st period - Icing by Brooks Orpik.
14:30 of 1st period - Mathieu Perreault wins face-off versus Kyle Turris in Flyers zone.
14:30 of 1st period - Mathieu Perreault is hit by Kyle Turris.
15:03 of 1st period - Icing by Dennis Seidenberg.
15:04 of 1st period - Chris Kelly wins face-off versus Mathieu Perreault in Flyers zone.
15:06 of 1st period - Kyle Turris is hit by Brooks Orpik and loses puck.
15:11 of 1st period - Shot by Kyle Turris.
15:11 of 1st period - Stopped by Jimmy Howard without a rebound.
15:12 of 1st period - Brad Richardson wins face-off versus Nazem Kadri in Flyers zone.
15:57 of 1st period - Shot by Damien Brunner.
15:57 of 1st period - Stopped by Ondrej Pavelec without a rebound.
15:58 of 1st period - Chris Kelly wins face-off versus Ondrej Palat in Coyotes zone.
15:58 of 1st period - Chris Kelly is hit by Derek Dorsett.
16:03 of 1st period - Joey Crabb is hit by Derek Dorsett and loses puck.
16:23 of 1st period - Minor Penalty to Nicklas Grossman for Holding.
16:24 of 1st period - Kyle Turris wins face-off versus David Moss in Flyers zone.
16:41 of 1st period - Shot by Kyle Turris.
16:41 of 1st period - Stopped by Jimmy Howard without a rebound.
16:42 of 1st period - Daniel Briere wins face-off versus Derek Dorsett in Flyers zone.
17:26 of 1st period - Derek Dorsett is hit by Scottie Upshall and loses puck.
18:30 of 1st period - Shot by Nazem Kadri.
18:30 of 1st period - Shot Misses the Net.
18:48 of 1st period - Shot by Chris Kelly.
18:48 of 1st period - Stopped by Jimmy Howard without a rebound.
18:49 of 1st period - David Moss wins face-off versus Brad Richardson in Flyers zone.
18:58 of 1st period - Shot by Brad Richardson.
18:58 of 1st period - Stopped by Jimmy Howard without a rebound.
18:59 of 1st period - Mathieu Perreault wins face-off versus Mika Zibanejad in Flyers zone.
18:59 of 1st period - Mathieu Perreault is hit by Richard Clune.
Goals for this period are 0 for Flyers vs 0 for Coyotes.
Shots for this period are 7 for Flyers vs 10 for Coyotes.
2nd period
0:01 of 2nd period - Mathieu Perreault wins face-off versus Kyle Turris in neutral zone.
0:32 of 2nd period - Shot by Ondrej Palat.
0:32 of 2nd period - Shot Blocked by Keaton Ellerby.
0:36 of 2nd period - Shot by Ondrej Palat.
0:36 of 2nd period - Goal by Ondrej Palat - Flyers : 1 - Coyotes : 0.
0:37 of 2nd period - Chris Kelly wins face-off versus Nazem Kadri in neutral zone.
1:07 of 2nd period - Shot by Nazem Kadri.
1:07 of 2nd period - Shot Misses the Net.
1:09 of 2nd period - Shot by Nicklas Grossman.
1:09 of 2nd period - Stopped by Ondrej Pavelec with a rebound.
1:25 of 2nd period - Icing by Matt Greene.
1:26 of 2nd period - David Moss wins face-off versus Chris Kelly in Coyotes zone.
1:27 of 2nd period - Shot by Damien Brunner.
1:27 of 2nd period - Shot Misses the Net.
2:57 of 2nd period - Derek Dorsett is hit by Keaton Ellerby and loses puck.
4:08 of 2nd period - Mika Zibanejad is hit by Alex Chiasson and loses puck.
4:19 of 2nd period - Shot by Scottie Upshall.
4:19 of 2nd period - Shot Misses the Net.
4:22 of 2nd period - Scottie Upshall is hit by Tyson Strachan and loses puck.
5:06 of 2nd period - Shot by Derek Dorsett.
5:06 of 2nd period - Stopped by Ondrej Pavelec with a rebound.
5:08 of 2nd period - Shot by Nicklas Grossman.
5:08 of 2nd period - Stopped by Ondrej Pavelec without a rebound.
5:09 of 2nd period - Brad Richardson wins face-off versus Zach Boychuk in Coyotes zone.
6:07 of 2nd period - Shot by Chris Kelly.
6:07 of 2nd period - Shot Misses the Net.
6:41 of 2nd period - Icing by Nicklas Grossman.
6:42 of 2nd period - Zach Boychuk wins face-off versus Mika Zibanejad in Flyers zone.
6:42 of 2nd period - Zach Boychuk is hit by Richard Clune.
7:03 of 2nd period - Mika Zibanejad is hit by Dennis Seidenberg and loses puck.
9:03 of 2nd period - Shot by Joey Crabb.
9:03 of 2nd period - Shot Blocked by Andrei Markov.
9:24 of 2nd period - Icing by Keaton Ellerby.
9:25 of 2nd period - Mika Zibanejad wins face-off versus Nazem Kadri in Coyotes zone.
9:32 of 2nd period - Icing by Mika Zibanejad.
9:33 of 2nd period - Mika Zibanejad wins face-off versus David Moss in Coyotes zone.
10:21 of 2nd period - Shot by Alex Chiasson.
10:21 of 2nd period - Shot Misses the Net.
10:23 of 2nd period - Shot by Alex Chiasson.
10:23 of 2nd period - Shot Misses the Net.
11:26 of 2nd period - Shot by Chris Kunitz.
11:26 of 2nd period - Shot Blocked by Tyson Strachan.
11:28 of 2nd period - Shot by Kyle Turris.
11:28 of 2nd period - Stopped by Jimmy Howard without a rebound.
11:29 of 2nd period - Nazem Kadri wins face-off versus Mika Zibanejad in Flyers zone.
11:35 of 2nd period - Loui Eriksson is hit by Keaton Ellerby and loses puck.
11:46 of 2nd period - Shot by Scottie Upshall.
11:46 of 2nd period - Shot Misses the Net.
11:48 of 2nd period - Shot by Richard Clune.
11:48 of 2nd period - Stopped by Jimmy Howard without a rebound.
11:49 of 2nd period - David Moss wins face-off versus Kyle Turris in Flyers zone.
12:43 of 2nd period - Shot by Scottie Upshall.
12:43 of 2nd period - Shot Misses the Net.
13:20 of 2nd period - Icing by Keaton Ellerby.
13:21 of 2nd period - Scottie Upshall wins face-off versus Nazem Kadri in Coyotes zone.
13:21 of 2nd period - Scottie Upshall is hit by Loui Eriksson.
13:49 of 2nd period - Shot by Chris Kunitz.
13:49 of 2nd period - Stopped by Jimmy Howard without a rebound.
13:50 of 2nd period - Brad Richardson wins face-off versus Mathieu Perreault in Flyers zone.
13:56 of 2nd period - Minor Penalty to Nicklas Grossman for High sticking.
13:57 of 2nd period - Kyle Turris wins face-off versus Derek Dorsett in Flyers zone.
14:05 of 2nd period - Chris Kunitz is hit by Brooks Orpik.
14:12 of 2nd period - Chris Kunitz is hit by Mike Weber.
14:48 of 2nd period - Shot by Brad Richardson.
14:48 of 2nd period - Shot Misses the Net.
14:58 of 2nd period - Dennis Seidenberg is hit by Brad Richardson and loses puck.
15:10 of 2nd period - Icing by Kyle Turris.
15:11 of 2nd period - David Moss wins face-off versus Kyle Turris in Coyotes zone.
15:24 of 2nd period - Shot by Brian Gionta.
15:24 of 2nd period - Stopped by Ondrej Pavelec with a rebound.
15:26 of 2nd period - Shot by Brian Gionta.
15:26 of 2nd period - Goal by Brian Gionta - Flyers : 2 - Coyotes : 0.
15:27 of 2nd period - Daniel Briere wins face-off versus David Moss in neutral zone.
16:00 of 2nd period - Shot by Loui Eriksson.
16:00 of 2nd period - Shot Blocked by Matt Carkner.
16:02 of 2nd period - Shot by Mike Weber.
16:02 of 2nd period - Stopped by Ondrej Pavelec without a rebound.
16:03 of 2nd period - Chris Kelly wins face-off versus Nazem Kadri in Coyotes zone.
17:13 of 2nd period - Shot by Ondrej Palat.
17:13 of 2nd period - Stopped by Ondrej Pavelec with a rebound.
17:48 of 2nd period - Off-side.
17:49 of 2nd period - David Moss wins face-off versus Kyle Turris in neutral zone.
18:50 of 2nd period - Icing by Kyle Quincey.
18:51 of 2nd period - Mika Zibanejad wins face-off versus David Moss in Coyotes zone.
19:11 of 2nd period - Mika Zibanejad is hit by Brooks Orpik and loses puck.
Goals for this period are 2 for Flyers vs 0 for Coyotes.
Shots for this period are 8 for Flyers vs 3 for Coyotes.
3rd period
0:01 of 3rd period - Kyle Turris wins face-off versus Mathieu Perreault in neutral zone.
0:12 of 3rd period - Shot by Kyle Turris.
0:12 of 3rd period - Shot Misses the Net.
0:20 of 3rd period - Kyle Turris is hit by Ondrej Palat and loses puck.
0:26 of 3rd period - Mathieu Perreault is hit by Keaton Ellerby and loses puck.
0:39 of 3rd period - Shot by Mathieu Perreault.
0:39 of 3rd period - Stopped by Ondrej Pavelec without a rebound.
0:40 of 3rd period - Alex Chiasson wins face-off versus Mika Zibanejad in Coyotes zone.
0:47 of 3rd period - Shot by Loui Eriksson.
0:47 of 3rd period - Stopped by Ondrej Pavelec without a rebound.
0:48 of 3rd period - Nazem Kadri wins face-off versus Brad Richardson in Coyotes zone.
0:48 of 3rd period - Nazem Kadri is hit by Ryan Whitney.
1:22 of 3rd period - Nazem Kadri is hit by Ryan Whitney and loses puck.
1:45 of 3rd period - Minor Penalty to Kyle Quincey for Holding.
1:46 of 3rd period - Chris Kelly wins face-off versus Mathieu Perreault in Coyotes zone.
3:14 of 3rd period - Shot by Nazem Kadri.
3:14 of 3rd period - Stopped by Ondrej Pavelec without a rebound.
3:15 of 3rd period - Brad Richardson wins face-off versus Nazem Kadri in Coyotes zone.
3:25 of 3rd period - Shot by Loui Eriksson.
3:25 of 3rd period - Shot Misses the Net.
3:37 of 3rd period - Chris Kelly is hit by David Moss and loses puck.
4:11 of 3rd period - Tyson Strachan is hit by Richard Clune and loses puck.
4:41 of 3rd period - David Moss is hit by Jordin Tootoo.
5:05 of 3rd period - Icing by Chris Kelly.
5:06 of 3rd period - Mathieu Perreault wins face-off versus Chris Kelly in Coyotes zone.
5:17 of 3rd period - Shot by Ondrej Palat.
5:17 of 3rd period - Shot Hit the Post.
5:23 of 3rd period - Shot by Ondrej Palat.
5:23 of 3rd period - Stopped by Ondrej Pavelec without a rebound.
5:24 of 3rd period - Kyle Turris wins face-off versus Ondrej Palat in Coyotes zone.
5:24 of 3rd period - Kyle Turris is hit by Derek Dorsett.
5:48 of 3rd period - Off-side.
5:49 of 3rd period - Nazem Kadri wins face-off versus Scottie Upshall in neutral zone.
5:52 of 3rd period - Mika Zibanejad is hit by Alex Chiasson and loses puck.
7:02 of 3rd period - Shot by Kyle Turris.
7:02 of 3rd period - Stopped by Jimmy Howard without a rebound.
7:03 of 3rd period - Kyle Turris wins face-off versus Kyle Palmieri in Flyers zone.
7:06 of 3rd period - Shot by Chris Kunitz.
7:06 of 3rd period - Stopped by Jimmy Howard without a rebound.
7:07 of 3rd period - Kyle Turris wins face-off versus Ondrej Palat in Flyers zone.
7:10 of 3rd period - Shot by Kyle Turris.
7:10 of 3rd period - Stopped by Jimmy Howard without a rebound.
7:11 of 3rd period - Kyle Turris wins face-off versus Ondrej Palat in Flyers zone.
8:23 of 3rd period - Shot by Brad Richardson.
8:23 of 3rd period - Shot Misses the Net.
8:43 of 3rd period - Icing by Kyle Quincey.
8:44 of 3rd period - David Moss wins face-off versus Brad Richardson in Coyotes zone.
8:50 of 3rd period - Icing by Ryan Whitney.
8:51 of 3rd period - Brad Richardson wins face-off versus Mathieu Perreault in Coyotes zone.
8:53 of 3rd period - Minor Penalty to Mathieu Perreault for High sticking.
8:54 of 3rd period - Kyle Turris wins face-off versus David Moss in Flyers zone.
10:13 of 3rd period - Icing by Keaton Ellerby.
10:14 of 3rd period - Daniel Briere wins face-off versus David Moss in Coyotes zone.
10:35 of 3rd period - Shot by Brooks Orpik.
10:35 of 3rd period - Shot Misses the Net.
10:37 of 3rd period - Shot by Brooks Orpik.
10:37 of 3rd period - Shot Misses the Net.
11:12 of 3rd period - Loui Eriksson is hit by Matt Carkner.
11:49 of 3rd period - Off-side.
11:50 of 3rd period - Mathieu Perreault wins face-off versus Kyle Turris in neutral zone.
12:19 of 3rd period - Icing by Nicklas Grossman.
12:20 of 3rd period - Mathieu Perreault wins face-off versus Brad Richardson in Flyers zone.
12:22 of 3rd period - Brian Gionta is hit by John Scott and loses puck.
12:41 of 3rd period - David Moss is hit by Hal Gill and loses puck.
12:53 of 3rd period - Icing by Brad Richardson.
12:54 of 3rd period - Brad Richardson wins face-off versus Nazem Kadri in Coyotes zone.
13:15 of 3rd period - Shot by Alex Chiasson.
13:15 of 3rd period - Stopped by Ondrej Pavelec without a rebound.
13:16 of 3rd period - Kyle Turris wins face-off versus David Moss in Coyotes zone.
13:34 of 3rd period - Minor Penalty to Kyle Turris for High sticking.
13:35 of 3rd period - Chris Kelly wins face-off versus Nazem Kadri in Coyotes zone.
13:40 of 3rd period - Shot by Loui Eriksson.
13:40 of 3rd period - Stopped by Ondrej Pavelec without a rebound.
13:41 of 3rd period - Mathieu Perreault wins face-off versus Scottie Upshall in Coyotes zone.
15:34 of 3rd period - Icing by Ondrej Palat.
15:35 of 3rd period - David Moss wins face-off versus Chris Kelly in Flyers zone.
15:49 of 3rd period - Icing by Mike Weber.
15:50 of 3rd period - Mika Zibanejad wins face-off versus Zach Boychuk in Flyers zone.
17:58 of 3rd period - Icing by Brad Richardson.
17:59 of 3rd period - David Moss wins face-off versus Brad Richardson in Coyotes zone.
18:57 of 3rd period - Minor Penalty to Nazem Kadri for Tripping.
18:58 of 3rd period - Zach Boychuk wins face-off versus Kyle Turris in Flyers zone.
18:58 of 3rd period - Zach Boychuk is hit by Chris Kunitz.
19:08 of 3rd period - Shot by Chris Kunitz.
19:08 of 3rd period - Shot Blocked by Nicklas Grossman.
19:22 of 3rd period - Shot by Mika Zibanejad.
19:22 of 3rd period - Deflect By Kyle Turris.
19:22 of 3rd period - Shot Misses the Net.
19:49 of 3rd period - Keaton Ellerby is hit by Mike Weber and loses puck.
Goals for this period are 0 for Flyers vs 0 for Coyotes.
Shots for this period are 6 for Flyers vs 3 for Coyotes.
Output by the SimonT Hockey Simulator (STHS) for Mathias Vaigur -- Original Page W3C XHTML 1.0 Valid